Map: Romanticide LE

Players

Neeb - Winner!

  • Race: Protoss Protoss

MaSa

  • Race: Terran Terran

Event: DreamHack SC2 Masters 2021 Summer

VOD

Have the link to the VOD?

Description

Time

  • Played on: May 27, 2021, 5:21 p.m.
  • Length: 4:13

All games in this series

Show
View Real Time Build Order
Export as new Build Order

Neeb Protoss - Winner!

Build Orders: 1 Gate Expand 

Get SALT Encoding   

  12  0:00  Probe  
  13  0:13  Pylon  
  13  0:17  Probe  
  14  0:32  Gateway  
  14  0:34  Probe (Chrono Boost)  
  16  0:43  Probe (Chrono Boost)  
  16  0:44  Assimilator  
  16  0:48  Probe (Chrono Boost)  
  17  1:00  Probe  
  18  1:12  Probe  
  19  1:19  Cybernetics Core  
  19  1:36  Nexus  
  19  1:37  Zealot (Chrono Boost)  
  21  1:51  Pylon  
  21  1:56  Zealot (Chrono Boost)  
  23  2:12  Shield Battery  
  23  2:19  Zealot (Chrono Boost)  
  23  2:40  Stalker (Chrono Boost)  
  25  2:51  Probe  
  26  3:03  Probe, Stalker (Chrono Boost)  
  29  3:11  Probe  
  26  3:25  Stargate  
  26  3:26  Probe x2  
  28  3:33  Assimilator  
  28  3:36  Zealot  
  28  3:38  Probe  
  28  3:39  Probe (Chrono Boost)  
  32  3:51  Probe (Chrono Boost)  
  32  3:52  Probe (Chrono Boost)  
  34  4:01  Probe x2 (Chrono Boost)  
  36  4:03  Pylon  
Show
View Real Time Build Order
Export as new Build Order

MaSa Terran 

Build Orders: 2 Factory 

Get SALT Encoding   

  12  0:00  SCV  
  13  0:12  SCV  
  14  0:18  Supply Depot  
  14  0:24  SCV  
  15  0:42  Barracks  
  15  0:50  Barracks  
  15  0:52  SCV  
  16  0:58  Refinery  
  16  1:04  SCV  
  17  1:16  SCV  
  18  1:29  Marine  
  18  1:30  Orbital Command  
  19  1:39  Bunker  
  19  1:41  Marine  
  20  1:53  Marine  
  21  1:54  Supply Depot  
  21  2:03  Marine  
  22  2:14  Marine  
  21  2:24  Marine  
  21  2:32  Marine  
  21  2:33  SCV  
  23  2:38  Bunker  
  23  2:42  Marine  
  23  2:46  SCV  
  23  2:48  Factory  
  23  2:50  Marine  
  26  2:58  SCV  
  26  3:00  Factory  
  26  3:01  Refinery  
  26  3:03  Marine  
  27  3:07  Marine  
  27  3:11  SCV  
  25  3:21  Marine  
  25  3:23  SCV  
  25  3:25  Marine  
  26  3:31  Factory Tech Lab  
  26  3:35  Supply Depot  
  26  3:38  SCV  
  27  3:43  Factory Tech Lab  
  27  3:44  Marine  
  27  3:46  Marine  
Tags
 
Add a new tag
Caveats
  • Supply blocks, unpowered buildings, or Contaminate may cause inaccurate times.
  • Supply counts are checked every 10 seconds.